 Dungeon Crawl Stone Soup version 0.19.5 (webtiles) character file.

53 LoNine the Shield-Bearer (level 3, -5/23 HPs)
             Began as a Gargoyle Fighter on Apr 3, 2017.
             Killed from afar by Sigmund (13 damage)
             ... with a puff of flame
             ... on level 2 of the Dungeon.
             The game lasted 00:08:45 (963 turns).

LoNine the Shield-Bearer (Gargoyle Fighter)          Turns: 963, Time: 00:08:46

Health: -5/23      AC: 11    Str: 20    XL:     3   Next: 89%
Magic:  3/3        EV:  7    Int:  8    God:
Gold:   17         SH:  9    Dex:  9    Spells: 0 memorised, 2 levels left

rFire  . . .     SeeInvis .     a - +0 flail
rCold  . . .     Gourm    .     b - +0 scale mail
rNeg   + . .     Faith    .     c - +0 shield
rPois  ∞         Spirit   .     m - +0 helmet
rElec  +         Reflect  .     (no cloak)
rCorr  .         Harm     .     (no gloves)
MR     .....                    (no boots)
Stlth  ..........               (no amulet)
                                (no ring)
                                (no ring)

@: no status effects
A: negative energy resistance 1, electricity resistance, unbreathing,
petrification resistance, rot immunity, AC +3
a: no special abilities


You were on level 2 of the Dungeon.
You were hungry.

You visited 1 branch of the dungeon, and saw 2 of its levels.

You collected 17 gold pieces.

Inventory:

Hand Weapons
 a - a +0 flail (weapon)
Armour
 b - a +0 scale mail (worn)
 c - a +0 shield (worn)
 m - a +0 helmet (worn)
Jewellery
 l - an uncursed amulet of guardian spirit {unknown}
Scrolls
 e - a scroll of random uselessness {unknown}
 g - a scroll of fog {unknown}
 h - a scroll of noise {unknown}
 k - 2 scrolls of remove curse {unknown}
 p - a scroll of enchant armour {unknown}
Comestibles
 f - a bread ration
 i - a beef jerky
 j - 2 meat rations
 o - a chunk of flesh


   Skills:
 + Level 3.6 Fighting
 + Level 2.4 Maces & Flails
 + Level 3.7 Armour
 + Level 0.2 Dodging
 + Level 4.1 Shields


You had 2 spell levels left.
You didn't know any spells.

Dungeon Overview and Level Annotations

Branches:
Dungeon (2/15)

Altars:

Annotations:
D:2 Sigmund


Innate Abilities, Weirdness & Mutations

You are resistant to torment.
Your stone body is resilient. (AC +3)
You are immune to poison.
You resist negative energy. (rN+)
You are resistant to electric shocks. (rElec)
You can survive without breathing.
You are immune to petrification.
You are immune to rotting.


Message History

The jackal bites you but does no damage.
You block Sigmund's attack. You block the jackal's attack.
You hit Sigmund.
Sigmund is almost dead.
The jackal bites you but does no damage.
Sigmund closely misses you.
The jackal bites you but does no damage.
Your shield and scale mail prevent you from hitting Sigmund.
Sigmund is almost dead.
The jackal bites you but does no damage.
Sigmund barely misses you.
You closely miss Sigmund.
Sigmund is almost dead.
The jackal bites you but does no damage.
The jackal barely misses you.
Sigmund screams, "Don't try to resist!"
Sigmund casts a spell at you. The puff of flame hits you!
Ouch! That really hurt!
You die...

.. .. .. #.. .##..
.. $.#. #.##... ##
..... ##.. .h? .#.#
#@# ... ####@# ##.#
##hgh.#
###..####..####
#.."......###
####.##.(......#
.h.................
.[....<.#.w......##
........#..........
........#.........#


You could see Sigmund, 3 jackals and a goblin.

Vanquished Creatures
  An adder (D:2)
  An ooze (D:2)
  3 dart slugs
  A leopard gecko (D:1)
  7 bats
  A giant cockroach (D:1)
  3 goblins (D:1)
  3 hobgoblins (D:1)
  5 jackals (D:2)
  A kobold (D:2)
  2 frilled lizards (D:1)
  2 rats (D:1)
30 creatures vanquished.

Notes
Turn   | Place    | Note
-------+----------+-------------------------------------------
     0 | D:1      | LoNine the Gargoyle Fighter began the quest for the Orb.
     0 | D:1      | Reached XP level 1. HP: 14/14 MP: 1/1
   332 | D:1      | Reached XP level 2. HP: 19/19 MP: 2/2
   569 | D:1      | Reached XP level 3. HP: 21/23 MP: 3/3
   923 | D:2      | Reached skill level 4 in Shields
   927 | D:2      | Noticed Sigmund
   945 | D:2      | HP: 1/23 [something (8)]
   963 | D:2      | Killed from afar by Sigmund

Skill      XL: |  1  2  3 |
---------------+----------+-----
Shields        | 4 |  4.1
Fighting       | |  3.6
Maces & Flails | |  2.4
Armour         | |  3.7
Dodging        | |  0.2

Action                   || total
-------------------------++-------
Melee: Flail             ||   137
  Use: Potion            ||     2
Armor: Scale mail        ||    99
Dodge: Dodged            ||    80
Block: Shield            ||   112
